 Dungeon Crawl Stone Soup version 0.27-a0-553-ge0ab5a2769 (webtiles) character file.

Game seed: 3910802544490190642

67 Chiseanne the Magician (level 4, 30/30 HPs)
             Began as a Demonspawn Hedge Wizard on Mar 8, 2021.
             Was an Initiate of Vehumet.
             Quit the game on level 2 of the Dungeon.
             The game lasted 00:02:06 (2804 turns).

Chiseanne the Magician (Demonspawn Hedge Wizard)    Turns: 2804, Time: 00:02:07

Health: 30/30      AC:  4    Str: 10    XL:     4   Next: 0%
Magic:  5/9        EV: 12    Int: 16    God:    Vehumet [......]
Gold:   46         SH:  0    Dex: 13    Spells: 9/10 levels left

rFire    . . .     SeeInvis .   i - +0 short sword
rCold    . . .     Faith    .   (no shield)
rNeg     . . .     Spirit   .   b - +0 robe
rPois    .         Reflect  .   c - +0 hat
rElec    .         Harm     .   (no cloak)
rCorr    .         Rampage  .   (no gloves)
Will     .....                  (no boots)
Stlth    ++........             (no amulet)
HPRegen  0.10/turn              (no ring)
MPRegen  0.11/turn              (no ring)

@: no status effects
A: claws 1, slimy green scales 1, spiny 1
a: Renounce Religion


You were on level 2 of the Dungeon.
You worshipped Vehumet.
Vehumet was noncommittal.
You visited 1 branch of the dungeon, and saw 2 of its levels.

You collected 46 gold pieces.

Inventory:

Hand Weapons
 i - a +0 short sword (weapon)
Missiles
 f - 39 arrows
 g - 130 stones
 l - 18 bolts
 m - 2 atropa-tipped darts
Armour
 b - a +0 robe (worn)
 c - a +0 hat (worn)
Scrolls
 d - 2 scrolls of enchant weapon {unknown}
 e - a scroll of enchant armour {unknown}
 k - a scroll of fog {unknown}
Potions
 a - a potion of curing {unknown}
 h - a potion of mutation {unknown}
 j - a potion of magic {unknown}


   Skills:
 - Level 1.7 Dodging
 - Level 1.7 Stealth
 * Level 3.9 Spellcasting
 * Level 2.8 Conjurations
 - Level 1.0 Summonings
 - Level 0.8 Translocations


You had 9 spell levels left.
You knew the following spells:

 Your Spells              Type           Power      Damage    Failure   Level
a - Magic Dart            Conj           48%        1d5       5%          1

Your spell library contained the following spells:

 Spells                   Type           Power      Damage    Failure   Level
 Call Imp                 Summ           6%         N/A       17%         2
 Blink                    Tloc           N/A        N/A       19%         2
 Slow                     Hex            3%         N/A       26%         2
 Conjure Flame            Conj/Fire      7%         6-21      28%         3
 Mephitic Cloud           Conj/Pois/Air  6%         N/A       34%         3


Dungeon Overview and Level Annotations

Branches:
Dungeon (2/15)

Altars:
Trog
Vehumet


Innate Abilities, Weirdness & Mutations

You have sharp fingernails.
You are partially covered in slimy green scales. (AC +2)
You are partially covered in sharp spines.


Message History

[Y]es or [N]o only, please.
That beam is likely to hit you.
Continue anyway? [Y]es or [N]o only, please.
That beam is likely to hit you.
Continue anyway? [Y]es or [N]o only, please.
That beam is likely to hit you.
Continue anyway?
Okay, then.
Unknown command.
Unknown command.
Things that are here:
a +0 animal skin; a kobold corpse A kobold is nearby!
Casting: Magic Dart (safe; 5% risk of failure)
Confirm with . or Enter, or press ? or * to list all spells.
Aiming: Magic Dart (safe; 5% risk of failure)
Press: ? - help, Shift-Dir - straight line, f - kobold
Aim: a kobold, wearing a +0 animal skin and quivering stones (wandering, hasn't noticed you, 0% to evade)
The magic dart hits the kobold.
The kobold is severely wounded.
The kobold throws a stone.
The stone hits you but does no damage.
Casting: Magic Dart (safe; 5% risk of failure)
Confirm with . or Enter, or press ? or * to list all spells.
Aiming: Magic Dart (safe; 5% risk of failure)
Press: ? - help, Shift-Dir - straight line, f/p - kobold
Aim: a kobold, wearing a +0 animal skin and quivering stones (severely wounded, 0% to evade)
The magic dart hits the kobold but does no damage.
The kobold is severely wounded.
The kobold throws a stone.
The stone hits you but does no damage.
Casting: Magic Dart (safe; 5% risk of failure)
Confirm with . or Enter, or press ? or * to list all spells.
Aiming: Magic Dart (safe; 5% risk of failure)
Press: ? - help, Shift-Dir - straight line, f/p - kobold
Aim: a kobold, wearing a +0 animal skin and quivering stones (severely wounded, 0% to evade)
The magic dart hits the kobold.
You kill the kobold!
Vehumet accepts your kill.
You have reached level 4!
You feel agile.
Your demonic ancestry asserts itself...
Your fingernails lengthen.
Are you sure you want to abandon this character and quit the game? (Confirm with "yes".)

#....>_...............#######....
#.###.#####.#########.# #.... #.#
#.)...#.# #.## .... #.###.###.#.#
#).# .... #.....# #.### ##.##
.##. ####### ###(. #..#####.#
#.≈≈. #######÷......##
#..≈≈≈##.[............#.
#_.(...@.###...#.#.#....
#..≈≈≈#####............. #.≈≈.
#..#..#.#..#.. ##..
#..........).. ## #..#.#._.#.#..
#............. #..#..#.#..#..
#.............. #.....#.#.#....


There were no monsters in sight!

Vanquished Creatures
  An adder (D:2)
  2 oozes
  A worm (D:2)
  2 dart slugs (D:1)
  2 hobgoblins (D:1)
  2 jackals (D:2)
  9 kobolds
  A ball python (D:2)
  5 bats
  2 frilled lizards (D:1)
  11 goblins
  7 rats
45 creatures vanquished.

Notes
Turn   | Place    | Note
-------+----------+-------------------------------------------
     0 | D:1      | Chiseanne the Demonspawn Hedge Wizard began the quest for
                  | the Orb.
     0 | D:1      | Reached XP level 1. HP: 13/13 MP: 4/4
   471 | D:1      | Gained mutation: You are partially covered in sharp spines.
                  | [demonic ancestry]
   471 | D:1      | Reached XP level 2. HP: 19/19 MP: 0/6
  1740 | D:1      | Gained mutation: You are partially covered in slimy green
                  | scales. (AC +2) [demonic ancestry]
  1740 | D:1      | Reached XP level 3. HP: 24/24 MP: 2/8
  2265 | D:2      | Found a bloodstained altar of Trog.
  2388 | D:2      | Found a radiant altar of Vehumet.
  2413 | D:2      | Became a worshipper of Vehumet
  2797 | D:2      | Found a bloodstained altar of Trog.
  2804 | D:2      | Gained mutation: You have sharp fingernails. [demonic
                  | ancestry]
  2804 | D:2      | Reached XP level 4. HP: 30/30 MP: 5/9
  2804 | D:2      | Quit the game

Illustrated notes

Levels and vault maps discovered:
D:1:      grunt_arrival_lava_bath, layout_loops_ring, kennysheep_pointless_box
D:2:      layout_basic, overflow_temple_1_default,
          lemuel_coloured_pillars_altar, nicolae_vehumet_radiance,
          trog_hazing_becter, uniq_terence, uniq_natasha

Skill      XL: |  1  2 |
---------------+-------+-----
Conjurations   | 2 |  2.8
Dodging        | |  1.7
Stealth        | |  1.7
Spellcasting   | |  3.9
Summonings     | |  1.0
Translocations | |  0.8

Action                   |  1- 3 |  4- 6 || total
-------------------------+-------+-------++-------
Melee: Dagger            |     2 |       ||     2
       Short sword       |    11 |       ||    11
 Cast: Magic Dart        |   104 |       ||   104
Armor: Robe              |    12 |       ||    12
Dodge: Dodged            |    35 |       ||    35

Table legend: (Time is in decaauts)
 A = Elapsed time spent in this place.
 B = Non-inter-level travel time spent in this place.
 C = Inter-level travel time spent in this place.
 D = Time resting spent in this place.
 E = Time spent auto-exploring this place.
 F = Levels seen in this place.
 G = Mean time per level.
                   A        B        C        D        E       F      G
               +--------+--------+--------+--------+--------+-----+--------+
         Total |   2807 |   2778 |     29 |   1658 |    899 |   2 | 1403.5 |
       Dungeon |   2807 |   2778 |     29 |   1658 |    899 |   2 | 1403.5 |
               +--------+--------+--------+--------+--------+-----+--------+

Top non-repeatable levels by time:
     D:1: 2013 daAuts
     D:2: 793 daAuts
